 Dungeon Crawl Stone Soup version 0.31-a0-750-gfe7b580527 (webtiles) character file.

Game seed: 13785005266851096097

8738 heikuro the Cleaver (level 11, -7/86 (87) HPs)
             Began as a Formicid Fighter on Sept 15, 2023.
             Was a Priest of Okawaru.
             Mangled by Urug
             ... wielding a +1 eveningstar of holy wrath
              (15 damage)
             ... on level 11 of the Dungeon.
             The game lasted 00:31:06 (11477 turns).

heikuro the Cleaver (Formicid Fighter)             Turns: 11477, Time: 00:31:07

HP:   -7/86 (87)    AC: 14    Str: 24    XL:     11   Next: 61%
MP:   25/25         EV: 18    Int:  4    God:    Okawaru [***...]
Gold: 550           SH:  8    Dex: 13    Spells: 10/10 levels left

rFire   . . .        J - +2 executioner's axe (freeze)
rCold   . . .        c - +0 buckler
rNeg    . . .        I - +2 acid dragon scales
rPois   +            (helmet unavailable)
rElec   .            g - +1 cloak
rCorr   +            (no gloves)
SInv    +            (no boots)
Will    +....        (no amulet)
Stlth   +++          s - +5 ring of evasion
HPRegen 0.34/turn    i - ring of Qusoosoi {Fly rPois MP+9 Int-5 Stlth+}
MPRegen 0.19/turn

%: no passive effects
@: mighty, heroic, flying, lightly drained
A: permanent stasis, dig shafts and tunnels, antennae 3, four strong arms
a: Dig, Shaft Self, Renounce Religion, Heroism


You were on level 11 of the Dungeon.
You worshipped Okawaru.
Okawaru was most pleased with you.
You visited 2 branches of the dungeon, and saw 12 of its levels.
You also visited: Ossuary.

You collected 862 gold pieces.
You spent 312 gold pieces at shops.

Inventory:

Hand Weapons
 H - a +1 war axe of draining
 J - a +2 executioner's axe of freezing (weapon)
 N - a +4 vampiric spear
Missiles
 F - 9 poisoned darts
 M - a throwing net
Armour
 a - the +0 scale mail of Jogien {rPois rC- Regen+ Int+4}
   (You found it on level 6 of the Dungeon)

   Int+4:     It affects your intelligence (+4).
   rC-:       It makes you vulnerable to cold.
   rPois:     It protects you from poison Regen+: It increases your rate of
   health regeneration.
 c - a +0 buckler (worn)
 g - a +1 cloak (worn)
 u - a +0 plate armour
 w - a +0 chain mail of willpower
 I - +2 acid dragon scales (worn)
Jewellery
 b - a ring of fire
 i - the ring of Qusoosoi (right hand) {Fly rPois MP+9 Int-5 Stlth+}
   (You found it on level 10 of the Dungeon)

   [ring of flight]

   Int-5:     It affects your intelligence (-5).
   rPois:     It protects you from poison MP+9: It affects your magic capacity
   (+9).
   Fly:       It grants you flight.
   Stlth+:    It makes you more stealthy.
 n - a ring of wizardry
 s - a +5 ring of evasion (left hand)
 A - the ring "Kocim" {*Slow Fly rF+ Will+}
   (You took it off an orc on level 4 of the Dungeon)

   [ring of protection from fire]

   rF+:       It protects you from fire.
   Will+:     It increases your willpower.
   Fly:       It grants you flight.
   *Slow:     It may slow you when you take damage.
 D - a +6 ring of intelligence
Wands
 v - a wand of flame (84)
 C - a wand of polymorph (9)
Scrolls
 f - 2 scrolls of blinking {unknown}
 h - a scroll of amnesia {unknown}
 k - a scroll of vulnerability {unknown}
 l - 2 scrolls of enchant armour {unknown}
 m - 3 scrolls of poison {unknown}
 o - 2 scrolls of revelation {unknown}
 p - a scroll of butterflies {unknown}
 q - 2 scrolls of fear {unknown}
 x - 2 scrolls of enchant weapon {unknown}
 y - 2 scrolls of noise {unknown}
 B - 2 scrolls of fog {unknown}
 O - a scroll of immolation {unknown}
Potions
 e - 3 potions of curing
 j - a potion of invisibility
 r - 2 potions of ambrosia
 t - a potion of cancellation
 z - a potion of lignification
 E - a potion of magic
 G - 2 potions of attraction
 K - a potion of brilliance {unknown}
 L - a potion of berserk rage {unknown}


   Skills:
 + Level 8.7(13.7) Fighting
 * Level 10.6(15.6) Axes
 + Level 8.7(13.7) Armour
 + Level 10.2(15.2) Shields
 + Level 7.2 Invocations


You had 10 spell levels left.
You didn't know any spells.
Your spell library contained the following spells:

 Spells                   Type           Power      Damage    Failure   Level
 Sting                    Tmut/Pois      0%         1d3       58%         1
 Cigotuvi's Dreadful Rot  Necr/Pois/Air  0%         N/A       73%         2
 Ensorcelled Hibernation  Hex/Ice        0%         N/A       73%         2
 Jinxbite                 Hex            0%         N/A       73%         2
 Poisonous Vapours        Pois/Air       0%         N/A       73%         2
 Frozen Ramparts          Ice            0%         1d1       91%         3
 Ignite Poison            Fire/Tmut/Pois 0%         N/A       91%         3
 Ozocubu's Armour         Ice            0%         N/A       91%         3
 Anguish                  Hex/Necr       0%         N/A       100%        4
 Manifold Assault         Tloc           0%         N/A       100%        4
 Olgreb's Toxic Radiance  Pois           0%         N/A       100%        4
 Petrify                  Tmut/Erth      0%         N/A       100%        4
 Freezing Cloud           Conj/Ice/Air   0%         6-21      100%        5
 Metabolic Englaciation   Hex/Ice        0%         N/A       100%        5
 Eringya's Noxious Bog    Tmut/Pois      0%         4d6       100%        6
 Ozocubu's Refrigeration  Ice            0%         4d7       100%        7
 Summon Small Mammal      Summ           Unusable   N/A       N/A         1
 Blink                    Tloc           Unusable   N/A       N/A         2
 Call Canine Familiar     Summ           Unusable   N/A       N/A         3
 Summon Guardian Golem    Hex/Summ       Unusable   N/A       N/A         3
 Summon Forest            Summ/Tloc      Unusable   N/A       N/A         5
 Summon Hydra             Summ           Unusable   N/A       N/A         7

Dungeon Overview and Level Annotations

Branches:
Dungeon (11/15)            Temple (1/1) D:5         Ossuary (visited)
   Lair: D:8-11         Orc: D:9-12

Altars:
Ashenzari
Cheibriados
Dithmenos
Elyvilon
Fedhas
Gozag
Hepliaklqana
Kikubaaqudgha
Makhleb
Nemelex Xobeh
Okawaru
Qazlal
Ru
Sif Muna
Trog
Uskayaw
Vehumet
Wu Jian
Xom
Yredelemnul
Zin
The Shining One

Shops:
D:2 (   D:3 [

Annotations:
D:7 1 exclusion
D:11 Urug


Innate Abilities, Weirdness & Mutations

You cannot be hasted, slowed, berserked, paralysed or teleported.
You can dig through walls and to a lower floor.
You have a pair of large antennae on your head. (SInv)
Your four strong arms can wield two-handed weapons with a shield.


Message History

Urug is nearby!
You gain the combat prowess of a mighty hero.
You can no longer speed up your combat.
Urug throws a javelin.
The javelin closely misses you. You block Urug's attack.
You completely miss Urug.
Urug hits you with a +1 eveningstar of holy wrath!
You hit Urug but do no damage.
Urug hits you with a +1 eveningstar of holy wrath!!
You are too injured to fight recklessly!
Unknown command.
You barely miss Urug. Urug misses you.
You slash Urug! You freeze Urug!
Urug is moderately wounded.
Urug hits you with a +1 eveningstar of holy wrath!
* * * LOW HITPOINT WARNING * * *
You hit Urug but do no damage.
Urug is moderately wounded.
Urug closely misses you.
Unknown command.
Okay, then.
You feel very mighty all of a sudden. Urug closely misses you.
You hit Urug. You freeze Urug.
Urug is heavily wounded.
Urug hits you with a +1 eveningstar of holy wrath!
* * * LOW HITPOINT WARNING * * *
A green ugly thing comes into view.
Urug hits you with a +1 eveningstar of holy wrath.
* * * LOW HITPOINT WARNING * * *
You barely miss Urug.
Urug is heavily wounded.
Urug hits you but does no damage.
Unknown command.
The green ugly thing gurgles horribly!
You slash Urug! You freeze Urug.
Urug is severely wounded.
Urug hits you with a +1 eveningstar of holy wrath!
You die...
Urug says, "One more harpy dead."

.#.##...... .. .
..........# .# #.
#......#.# .#
...#....u.#.# #.# {
..^.......#.# #.#
...#........# #.#
.........>..###.#
.......##o......#
......# #@^.##..#
..o#.#
##.###..####..#
..,#.
#.##.........# . #
#.##..#####..#
####.##..#####..#
................#
##.###...####..#
#######.# #.#.#
......#.###.#.####.


You could see Urug and a green ugly thing.

Vanquished Creatures
  A boulder beetle (D:6)
  A two-headed ogre (D:10)
  Maggie (D:8)
  A kobold demonologist (D:10)
  Prince Ribbit (D:8)
  2 centaur simulacra (D:10)
  A shadow (D:11)
  2 wyverns
  An unseen horror simulacrum (D:10)
  8 yaks
  3 steam dragons
  3 vampire mosquitoes (D:11)
  Duvessa (D:4)
  An orc warrior (D:9)
  2 black bears
  3 ice beasts
  An ogre (D:6)
  6 centaurs
  A phantom (D:5)
  Blork the orc (D:5)
  An elf zombie (Ossuary)
  2 kobold brigands (D:8)
  2 bullfrogs
  2 gnoll sergeants
  2 scorpions
  4 wights (D:10)
  10 killer bees
  Dowan (D:4)
  2 electric eels (D:10)
  A howler monkey (D:9)
  A hound (D:5)
  11 orc priests
  A jelly (D:3)
  3 sleepcaps
  Terence (D:3)
  2 iguanas
  13 orc wizards
  2 mummies (Ossuary)
  Robin (D:3)
  10 gnolls
  4 adders
  4 white imps
  3 ufetubi
  A worm (D:2)
  2 dart slugs
  35 orcs
  5 bats
  7 endoplasms
  6 giant cockroaches
  17 goblins
  13 hobgoblins
  A jackal (D:2)
  8 quokkas
  11 ball pythons
  2 frilled lizards
  5 gnoll zombies (Ossuary)
  3 goblin zombies (Ossuary)
  3 hobgoblin zombies (Ossuary)
  16 kobolds
  2 orc zombies (Ossuary)
  4 rats
265 creatures vanquished.

Vanquished Creatures (others)
  A scorpion (D:7)
  An orc wizard (D:6)
  A shadow imp (D:7)
  A white imp (D:7)
4 creatures vanquished.

Grand Total: 269 creatures vanquished

Notes
Turn   | Place    | Note
-------+----------+-------------------------------------------
     0 | D:1      | heikuro the Formicid Fighter began the quest for the Orb.
     0 | D:1      | Reached XP level 1. HP: 18/18 MP: 1/1
   120 | D:1      | Reached XP level 2. HP: 22/24 MP: 2/2
   145 | D:1      | Reached XP level 3. HP: 23/29 MP: 3/3
   760 | D:2      | Reached XP level 4. HP: 36/36 MP: 4/4
  1003 | D:2      | Found Zoske's Antique Weapon Boutique.
  1072 | D:2      | Found a faded altar of an unknown god.
  1486 | D:3      | Noticed Robin
  1490 | D:3      | Reached XP level 5. HP: 35/42 MP: 5/5
  1499 | D:3      | Killed Robin
  1675 | D:3      | Found Heopn's Antique Armour Emporium.
  1768 | D:3      | Reached skill level 5 in Shields
  1771 | D:3      | Reached XP level 6. HP: 36/48 MP: 6/6
  2014 | D:3      | Noticed Terence
  2027 | D:3      | Killed Terence
  2385 | D:4      | Noticed Dowan
  2386 | D:4      | Noticed Duvessa
  2403 | D:4      | Killed Duvessa
  2404 | D:4      | Reached XP level 7. HP: 13/55 MP: 7/7
  2415 | D:4      | HP: 2/55 [orc wizard/+0 dagger (2)]
  2417 | D:4      | You fall into a shaft and drop 1 floor!
  2417 | D:5      | Entered Level 5 of the Dungeon
  2664 | D:4      | Identified the +0 leather armour of the Unbroken {rElec rC-
                  | rN+ Int+4}
  2711 | D:4      | Reached skill level 5 in Axes
  2711 | D:4      | Reached skill level 5 in Armour
  2872 | D:4      | Killed Dowan
  2873 | D:4      | Reached skill level 5 in Fighting
  2934 | D:4      | Identified the ring "Kocim" {*Slow Fly rF+ Will+}
  3175 | D:5      | Noticed Blork the orc
  3190 | D:5      | Killed Blork the orc
  3191 | D:5      | Reached XP level 8. HP: 34/62 MP: 8/8
  3482 | D:5      | Found a staircase to the Ecumenical Temple.
  3489 | Temple   | Entered the Ecumenical Temple
  3569 | Temple   | Became a worshipper of Warmaster Okawaru
  4112 | D:6      | Reached skill level 1 in Invocations
  4223 | D:6      | Found a basalt altar of Yredelemnul.
  4431 | D:6      | Noticed a boulder beetle
  4770 | D:6      | Reached * piety under Okawaru
  4815 | D:6      | Reached XP level 9. HP: 69/69 MP: 10/10
  4857 | D:6      | You are sucked into a shaft and drop 2 floors!
  4901 | D:8      | Noticed Prince Ribbit
  4904 | D:8      | Found a sand-covered staircase.
  4911 | D:8      | HP: 3/69 [Prince Ribbit (4)]
  4912 | D:8      | Killed Prince Ribbit
  4916 | Ossuary  | Entered an ossuary
  5590 | D:8      | Reached ** piety under Okawaru
  6717 | D:8      | Reached XP level 10. HP: 66/77 MP: 13/13
  7182 | D:8      | Noticed Maggie
  7202 | D:8      | Killed Maggie
  7203 | D:8      | Reached skill level 5 in Invocations
  7471 | D:9      | HP: 3/79 [orc warrior/+0 halberd (13)]
  7878 | D:2      | Bought a glowing executioner's axe for 312 gold pieces
  8083 | D:6      | Identified the +0 scale mail of Jogien {rPois rC- Regen+
                  | Int+4}
  8276 | D:6      | Found a basalt altar of Yredelemnul.
  8345 | D:6      | Killed a boulder beetle
  8783 | D:9      | Found an ornate altar of the Wu Jian Council.
  9231 | D:10     | Entered Level 10 of the Dungeon
  9245 | D:9      | Reached XP level 11. HP: 29/86 MP: 15/15
  9251 | D:9      | Reached *** piety under Okawaru
  9643 | D:10     | Identified the ring of Qusoosoi {Fly rPois MP+9 Int-5
                  | Stlth+}
  9695 | D:10     | Reached skill level 10 in Axes
 10286 | D:10     | Noticed a two-headed ogre
 10915 | D:10     | Killed a two-headed ogre
 10916 | D:10     | Reached skill level 10 in Shields
 11411 | D:11     | Reached **** piety under Okawaru
 11455 | D:11     | Noticed Urug
 11475 | D:11     | Noticed a green ugly thing
 11477 | D:11     | Mangled by Urug

Illustrated notes

Levels and vault maps discovered:
D:1:      minmay_arrival_hallway, layout_basic
D:2:      layout_loops_ring, shapermc_ecumenical_altar_mp_vishouse,
          serial_shops, nicolae_shop_rolling_square,
          nicolae_kite_square_tiling_tiny, chequers_decorated_corner,
          kennysheep_generic_room_10
D:3:      layout_basic, serial_shops, shop, uniq_robin, uniq_terence
D:4:      layout_rooms, chequers_arboretum, uniq_duvessa
D:5:      layout_loops_ring, temple_green, kennysheep_generic_room_12,
          uniq_blork_the_orc
D:6:      layout_loops_ring, general_overflow_altar
D:7:      layout_rooms, hangedman_decor_opposing, lemuel_flamethrower_2
D:8:      layout_basic, enter_ossuary_5, serial_park_tiny_2,
          hangedman_decor_points, uniq_prince_ribbit1, uniq_maggie
D:9:      layout_rooms, nicolae_wu_jian_wuxing_cycle
D:10:     layout_loops_cross, serial_ice, serial_ice_l, serial_ice_a,
          serial_ice_c, serial_ice_m
D:11:     layout_loops_ring, minmay_lair_entry_grove, serial_glass,
          glass_columns_a, glass_columns_c, minmay_shattered_shrine, uniq_urug,
          uniq_harold
Temple:   nicolae_temple_bog_church

Skill      XL: |  1  2  3  4  5  6  7  8  9 10 11 |
---------------+----------------------------------+-----
Axes           | 3 4 5 6 8 9 10 | 10.6
Armour         | 4 5 6 7 8 |  8.7
Fighting       | 4 5 6 7 8 |  8.7
Shields        | 5 6 7 8 9 10 | 10.2
Invocations    | 2 4 6 7 |  7.2

Action                     |  1- 3 |  4- 6 |  7- 9 | 10-12 || total
---------------------------+-------+-------+-------+-------++-------
  Melee: War axe           |    84 |   126 |   409 |    85 ||   704
         Executioner's axe |       |       |       |   154 ||   154
         Spear             |       |       |       |    25 ||    25
  Throw: Dart              |       |       |       |    10 ||    10
 Invoke: Heroism           |       |       |     2 |     9 ||    11
Ability: Shaft Self        |       |       |     2 |       ||     2
         Dig               |       |       |     1 |     3 ||     4
  Evoke: Wand              |       |       |       |     2 ||     2
    Use: Scroll            |       |       |     8 |     2 ||    10
         Potion            |       |       |     1 |     1 ||     2
   Stab: Sleeping          |       |       |       |     1 ||     1
 Armour: Scale mail        |    53 |   101 |       |       ||   154
         Chain mail        |       |    20 |   284 |    19 ||   323
         Acid dragon scale |       |       |       |   155 ||   155
  Dodge: Dodged            |    48 |    63 |   261 |   203 ||   575
  Block: Buckler           |    31 |    33 |   127 |    84 ||   275

Table legend: (Time is in decaauts)
 A = Elapsed time spent in this place.
 B = Non-inter-level travel time spent in this place.
 C = Inter-level travel time spent in this place.
 D = Time resting spent in this place.
 E = Time spent auto-exploring this place.
 F = Levels seen in this place.
 G = Mean time per level.
                   A        B        C        D        E       F      G
               +--------+--------+--------+--------+--------+-----+--------+
         Total |  11685 |  10733 |    952 |   2547 |   4468 |  13 |  898.8 |
       Dungeon |  11242 |  10309 |    933 |   2343 |   4422 |  11 | 1022.0 |
        Temple |    105 |     86 |     19 |      0 |      0 |   1 |  105.0 |
       Ossuary |    337 |    337 |      0 |    204 |     46 |   1 |  337.0 |
               +--------+--------+--------+--------+--------+-----+--------+

Top non-repeatable levels by time:
     D:6: 1743 daAuts
    D:10: 1584 daAuts
     D:9: 1305 daAuts
     D:7: 1258 daAuts
     D:5: 1163 daAuts
     D:3: 962 daAuts
     D:2: 878 daAuts
     D:8: 850 daAuts
     D:1: 692 daAuts
     D:4: 666 daAuts
 Ossuary: 337 daAuts
    D:11: 137 daAuts
  Temple: 105 daAuts
